 Dungeon Crawl Stone Soup version 0.23-a0-14-g8c9a20f (webtiles) character file.

10881 riellis the Carver (level 12, 0/81 HPs)
             Began as a Formicid Fighter on Aug 2, 2018.
             Was a High Priest of Okawaru.
             Slain by an ogre
             ... wielding a +0 giant club
              (12 damage)
             ... on level 10 of the Dungeon.
             The game lasted 00:52:33 (11607 turns).

riellis the Carver (Formicid Fighter)              Turns: 11607, Time: 00:52:34

Health: 0/81       AC: 17    Str: 21    XL:     12   Next: 0%
Magic:  8/14       EV:  7    Int:  9    God:    Okawaru [*****.]
Gold:   507        SH: 13    Dex: 14    Spells: 11/11 levels left

rFire    . . .     SeeInvis +   G - +1 falchion (elec)
rCold    . . .     Gourm    .   c - +1 shield
rNeg     + . .     Faith    .   y - +0 plate armour
rPois    .         Spirit   .   (helmet unavailable)
rElec    .         Reflect  .   (no cloak)
rCorr    .         Harm     .   g - +2 pair of gloves
MR       ++...                  (no boots)
Stlth    ..........             (no amulet)
HPRegen  0.23/turn              q - ring of positive energy
MPRegen  0.14/turn              A - ring of protection from magic

@: very slightly contaminated, invisible
A: permanent stasis, dig shafts and tunnels, four strong arms, antennae 3
a: Dig, Shaft Self, Heroism, Finesse, Renounce Religion


You were on level 10 of the Dungeon.
You worshipped Okawaru.
Okawaru was extremely pleased with you.
You were hungry.

You visited 2 branches of the dungeon, and saw 11 of its levels.

You collected 507 gold pieces.

Inventory:

Hand Weapons
 a - a +0 long sword
 b - a +0 whip of freezing
 l - a +0 hunting sling
 m - a +2 flail of holy wrath
 n - a +0 dagger of venom
 G - a +1 falchion of electrocution (weapon)
 I - a +2 rapier of draining
 M - a +1 dire flail of freezing
 N - a +5 great sword
Missiles
 j - 6 needles of sleeping
 C - 82 sling bullets
 D - 4 silver tomahawks (quivered)
 R - 3 javelins of penetration
Armour
 c - a +1 shield (worn)
 g - a +2 pair of gloves (worn)
 t - a +1 robe of magic resistance
 y - a +0 plate armour (worn)
 S - a +1 robe of positive energy
Magical Staves
 o - an uncursed staff of cold
 v - an uncursed staff of air
Jewellery
 q - a ring of positive energy (left hand)
 A - a ring of protection from magic (right hand)
 F - an uncursed ring of fire
Wands
 B - a wand of polymorph (12)
 U - a wand of acid (3)
Scrolls
 i - a scroll of enchant weapon
 k - 3 scrolls of enchant armour
 p - a scroll of immolation {unknown}
 r - a scroll of brand weapon {unknown}
 u - 5 scrolls of remove curse
 z - a scroll of noise {unknown}
 J - a scroll of fear {unknown}
 K - a scroll of magic mapping
 L - a scroll of random uselessness {unknown}
 O - a scroll of fog {unknown}
Potions
 d - a potion of mutation
 e - 3 potions of berserk rage
 h - 4 potions of brilliance
 s - 8 potions of curing
 w - a potion of invisibility
 x - 2 potions of flight
 E - a potion of cancellation
 P - a potion of degeneration {unknown}
 Q - a potion of resistance
Comestibles
 f - 17 rations
 T - 13 chunks of flesh


   Skills:
 - Level 3.2 Fighting
 * Level 13.9 Long Blades
 + Level 9.8 Armour
 - Level 9.0 Shields
 - Level 3.0 Invocations


You had 11 spell levels left.
You didn't know any spells.
Your spell library contained the following spells:

 Spells                   Type           Power        Failure   Level  Hunger
 Magic Dart               Conj           #...         99%         1    ##.....
 Conjure Flame            Conj/Fire      #.......     100%        3    ####...
 Slow                     Hex            #.......     100%        2    ###....
 Mephitic Cloud           Conj/Pois/Air  #.......     100%        3    ####...
 Blink                    Tloc           N/A          100%        2    ###....
 Call Imp                 Summ           #.......     100%        2    ###....
 Statue Form              Tmut/Erth      #........    100%        6    #######
 Dragon Form              Tmut           #.........   100%        7    #######
 Hydra Form               Tmut           #.........   100%        6    #######
 Irradiate                Conj/Tmut      #.........   100%        5    ######.


Dungeon Overview and Level Annotations

Branches:
Dungeon (10/15)            Temple (1/1) D:4
   Lair: D:8-11         Orc: D:9-12

Altars:
Ashenzari
Cheibriados
Dithmenos
Elyvilon
Fedhas
Gozag
Hepliaklqana
Kikubaaqudgha
Makhleb
Nemelex Xobeh
Okawaru
Qazlal
Ru
Sif Muna
Trog
Uskayaw
Vehumet
Wu Jian
Xom
Yredelemnul
Zin
The Shining One

Shops:
D:9 *

Annotations:
D:4 3 runed doors, HoboKiller's ghost, amateur VSSk
D:8 1 runed door, contendunt's ghost, novice MiFi


Innate Abilities, Weirdness & Mutations

You cannot be hasted, slowed, berserked, paralysed or teleported.
You can dig through walls and to a lower floor.
Your four strong arms can wield two-handed weapons with a shield.
You have a pair of large antennae on your head. (SInv)


Message History

* * * LOW HITPOINT WARNING * * *
You block the killer bee's attack.
The killer bee stings you but does no damage.
The ogre closely misses you. The killer bee closely misses you.
The purple ugly thing pecks you.
* * * LOW HITPOINT WARNING * * *
The killer bee stings you but does no damage.
The crocodile barely misses you.
You are very lightly contaminated with residual magic.
You feel better.
You feel like a meek peon again.
The killer bee stings you but does no damage.
The killer bee stings you.
* * * LOW HITPOINT WARNING * * *
The killer bee stings you.
* * * LOW HITPOINT WARNING * * *
You block the killer bee's attack.
The killer bee stings you but does no damage.
The ogre hits you with a giant club!
You die...

..P.P....PP.♣.
....P...P.P....
..............#
....♣...PPP♣.#
............####
................
#.......†.†.......
#........uty.......
###.........@yy.#...#
.......###.)yO.#)#..
......#$#....#...#.
#....###..........
#.............#...
#............#.#..
#...........#...#.
#.........÷........
#...).........#...#


You could see a purple ugly thing, a crocodile, an ogre and 4 killer bees.

Vanquished Creatures
  2 two-headed ogres
  An unseen horror (D:10)
  Pikel (D:8)
  Joseph (D:7)
  Maurice (D:10)
  A troll (D:10)
  Grinder (D:3)
  Prince Ribbit (D:5)
  2 wyverns
  A spriggan (D:7)
  A yak (D:10)
  Sigmund (D:3)
  A wraith (D:9)
  Eustachio (D:6)
  Grum (D:8)
  Menkaure (D:7)
  2 porcupines (D:10)
  A hornet zombie (D:10)
  A slave (D:8)
  An eye of draining (D:8)
  3 orc warriors
  3 ice beasts
  A sky beast (D:6)
  2 black bears (D:8)
  3 phantoms
  A necrophage (D:8)
  3 wolves (D:8)
  5 centaurs
  3 ogres
  A crocodile (D:7)
  2 big kobolds (D:7)
  9 bullfrogs
  2 scorpions
  A wyvern skeleton (D:8)
  11 killer bees
  5 howler monkeys
  15 wights
  3 jellies
  3 crimson imps
  2 centaur zombies
  A quasit (D:10)
  A centaur skeleton (D:7)
  5 hounds
  5 orc priests
  5 iguanas
  Natasha (D:4)
  7 orc wizards
  9 worker ants
  A hound skeleton (D:6)
  2 hound zombies
  A worker ant zombie (D:8)
  Robin (D:3)
  3 gnolls (D:2)
  8 adders
  2 shadow imps
  2 oozes
  3 adder skeletons
  2 worms
  11 leopard geckos
  31 orcs
  2 ball pythons
  3 bats
  10 giant cockroaches
  2 gnoll zombies (D:6)
  16 goblins
  16 hobgoblins
  4 jackals
  17 kobolds
  3 quokkas
  7 frilled lizards
  A jackal skeleton (D:8)
  A jackal zombie (D:6)
  A leopard gecko skeleton (D:5)
  9 rats
294 creatures vanquished.

Vanquished Creatures (others)
  2 slaves (D:8)
  A fungus (D:10)
  9 plants
  2 withered plants (D:8)
14 creatures vanquished.

Grand Total: 308 creatures vanquished

Notes
Turn   | Place    | Note
-------+----------+-------------------------------------------
     0 | D:1      | riellis the Formicid Fighter began the quest for the Orb.
     0 | D:1      | Reached XP level 1. HP: 18/18 MP: 1/1
    33 | D:1      | Reached XP level 2. HP: 21/24 MP: 2/2
   295 | D:1      | Reached skill level 3 in Long Blades
   418 | D:1      | Reached XP level 3. HP: 26/29 MP: 3/3
   985 | D:2      | Noticed a bullfrog
   997 | D:2      | Killed a bullfrog
   997 | D:2      | Reached skill level 4 in Long Blades
   997 | D:2      | Reached XP level 4. HP: 12/35 MP: 4/4
   997 | D:2      | Reached XP level 5. HP: 14/41 MP: 5/5
  1314 | D:2      | Reached skill level 5 in Long Blades
  2178 | D:2      | Found an ancient bone altar of Kikubaaqudgha.
  2278 | D:3      | Reached XP level 6. HP: 47/47 MP: 6/6
  2279 | D:3      | Found an iron altar of Okawaru.
  2281 | D:3      | Noticed Robin
  2350 | D:3      | Became a worshipper of Warmaster Okawaru
  2384 | D:3      | Noticed Grinder
  2530 | D:3      | Reached skill level 6 in Long Blades
  2914 | D:3      | Killed Grinder
  2914 | D:3      | Reached * piety under Okawaru
  2914 | D:3      | Reached XP level 7. HP: 33/52 MP: 6/9
  2927 | D:3      | Killed Robin
  2969 | D:3      | Noticed Sigmund
  3168 | D:3      | Killed Sigmund
  3168 | D:3      | Reached skill level 7 in Long Blades
  4026 | D:4      | Found a runed gate.
  4027 | D:4      | Found a runed gate.
  4027 | D:4      | Found a runed gate.
  4029 | D:4      | Noticed HoboKiller's ghost (amateur VSSk)
  4039 | D:4      | Found a staircase to the Ecumenical Temple.
  4054 | D:4      | Reached skill level 8 in Long Blades
  4054 | D:4      | Reached XP level 8. HP: 40/58 MP: 10/10
  4279 | Temple   | Entered the Ecumenical Temple
  4780 | D:5      | Entered Level 5 of the Dungeon
  5086 | D:4      | Found a glowing silver altar of Zin.
  5133 | D:4      | Noticed Natasha
  5150 | D:4      | Killed Natasha
  5321 | D:4      | Found a burning altar of Makhleb.
  5511 | D:5      | Found a shimmering altar of Xom.
  5789 | D:5      | Noticed Prince Ribbit
  5811 | D:5      | Reached skill level 9 in Long Blades
  5821 | D:5      | Killed Prince Ribbit
  5821 | D:5      | Reached ** piety under Okawaru
  6062 | D:5      | Reached skill level 5 in Shields
  6062 | D:5      | Reached XP level 9. HP: 64/64 MP: 11/11
  6252 | D:5      | You fall through a shaft for 2 floors!
  6302 | D:7      | Noticed Menkaure
  6323 | D:7      | Noticed Joseph
  6554 | D:6      | Found a radiant altar of Vehumet.
  6593 | D:6      | Found a shattered altar of Ashenzari.
  6837 | D:6      | Reached skill level 5 in Armour
  6925 | D:6      | Found a white marble altar of Elyvilon.
  6937 | D:6      | Noticed Eustachio
  6947 | D:6      | Killed Eustachio
  6947 | D:6      | Reached skill level 10 in Long Blades
  7276 | D:6      | Found a basalt altar of Yredelemnul.
  7509 | D:6      | Found a sacrificial altar of Ru.
  7950 | D:5      | Found a snail-covered altar of Cheibriados.
  8342 | D:7      | Reached XP level 10. HP: 40/70 MP: 12/12
  8453 | D:7      | Killed Menkaure
  8637 | D:7      | Reached *** piety under Okawaru
  8637 | D:7      | Reached skill level 11 in Long Blades
  8725 | D:7      | Found a bloodstained altar of Trog.
  8771 | D:7      | Killed Joseph
  9094 | D:7      | Reached **** piety under Okawaru
  9528 | D:8      | Found a white marble altar of Elyvilon.
  9549 | D:8      | Noticed Pikel
  9563 | D:8      | Killed Pikel
  9600 | D:8      | Reached skill level 12 in Long Blades
  9602 | D:8      | Found an ornate altar of the Wu Jian Council.
  9640 | D:8      | Found a shattered altar of Ashenzari.
  9695 | D:8      | Found a runed door.
  9696 | D:8      | Noticed contendunt's ghost (novice MiFi)
  9759 | D:8      | Received a gift from Okawaru
  9769 | D:8      | Reached XP level 11. HP: 71/75 MP: 13/13
  9821 | D:8      | Reached ***** piety under Okawaru
  9853 | D:8      | Noticed Grum
  9878 | D:8      | Killed Grum
 10500 | D:8      | Noticed a two-headed ogre
 10515 | D:8      | Killed a two-headed ogre
 10593 | D:8      | Reached skill level 13 in Long Blades
 10667 | D:9      | Found Vineqeil's Assorted Antiques.
 10764 | D:9      | Found a blossoming altar of Fedhas.
 10863 | D:9      | Received a gift from Okawaru
 10938 | D:9      | Noticed a two-headed ogre
 10952 | D:9      | Killed a two-headed ogre
 11073 | D:9      | Found a glowing golden altar of the Shining One.
 11169 | D:9      | Found a deep blue altar of Sif Muna.
 11439 | D:10     | Entered Level 10 of the Dungeon
 11478 | D:10     | Noticed an unseen horror
 11497 | D:10     | Killed an unseen horror
 11544 | D:10     | Noticed Maurice
 11558 | D:10     | Noticed a purple ugly thing
 11594 | D:10     | Killed Maurice
 11594 | D:10     | Reached XP level 12. HP: 38/81 MP: 7/14
 11607 | D:10     | Slain by an ogre

Vault maps used:
D:1:      minmay_arrival_up_and_down
D:2:      lemuel_round_altar, first_ration
D:3:      okawaru_gym_becter, uniq_sigmund, uniq_robin, uniq_grinder
D:4:      zin_scriptorium, lemuel_round_altar, minmay_temple_entry_junction,
          ebering_ghost_rock_garden, uniq_natasha
D:5:      cheibrodos_helix_gallery, overflow_temple_1_default,
          brannock_xom_greatest_gift, uniq_prince_ribbit1
D:6:      lemuel_zombie_altar_yredelemnul, old_standard_altar,
          fiery_altar_vehumet, ashenzari_conservatory_becter,
          nicolae_ru_path_of_blood, uniq_eustachio
D:7:      bloody_trog, the_bakery, st_stairs_13,
          corexii_item_surrounded_by_moat, minmay_lizard_king, uniq_joseph,
          uniq_menkaure
D:8:      overflow_temple_1_default, basic_altar, gammafunk_ghost_grave,
          st_stairs_3, grunt_ministairs_15, serial_park_tiny_2,
          elyvilon_altar_5, uniq_pikel, uniq_grum
D:9:      lemuel_doored_altar, kennysheep_mini, serial_shops, shop, tso_altar
D:10:     cheibrodos_fzero, minmay_lair_entry_grove, serial_glass,
          glass_columns_a, glass_columns_a, item_on_display_a, feat_on_display,
          minmay_strange_pillars, uniq_maurice
Temple:   compressed_dpeg_triangle_lava_temple

Skill      XL: |  1  2  3  4  5  6  7  8  9 10 11 |
---------------+----------------------------------+-----
Long Blades    | 3 4 5 6 8 9 10 12 13 | 13.9
Invocations    | 2 3 |  3.0
Shields        | 5 6 8 9 |  9.0
Armour         | 4 6 7 9 |  9.8
Fighting       | |  3.2

Action                   |  1- 3 |  4- 6 |  7- 9 | 10-12 || total
-------------------------+-------+-------+-------+-------++-------
Melee: Long sword        |    98 |   147 |   259 |       ||   504
       Falchion          |       |       |   143 |   567 ||   710
Invok: Heroism           |       |       |     3 |     8 ||    11
       Finesse           |       |       |       |     2 ||     2
 Abil: Dig               |       |     3 |     5 |     2 ||    10
  Use: Potion            |       |     1 |       |     4 ||     5
       Scroll            |       |       |       |    15 ||    15
  Eat: Chunk             |       |     7 |    11 |    11 ||    29
       Ration            |       |       |     2 |       ||     2
Armor: Scale mail        |    33 |    61 |   126 |     5 ||   225
       Plate armour      |       |       |       |   184 ||   184
Dodge: Dodged            |    24 |    60 |    98 |    87 ||   269
Block: Shield            |    60 |    69 |   168 |   288 ||   585
       Rpst.: Long sword |     8 |    19 |    20 |       ||    47
       Falchion          |       |       |    13 |    32 ||    45

Table legend:
 A = Spawn XP
 B = Non-spawn XP
 C = Spawn XP percentage of total XP
 D = Spawn monster count
 E = Non-spawn monster count
 F = Spawn count percentage of total count
 G = Total turns spent on level
                    A         B        C        D         E        F      G
               +---------+---------+-------+---------+---------+-------+---------
         Total |       0 |   15545 |   0.0 |       0 |     293 |   0.0 | 11607
               +---------+---------+-------+---------+---------+-------+---------
           D:1 |       0 |      55 |   0.0 |       0 |      33 |   0.0 |   921
           D:2 |       0 |     236 |   0.0 |       0 |      29 |   0.0 |  1816
           D:3 |       0 |     639 |   0.0 |       0 |      29 |   0.0 |  1111
           D:4 |       0 |     409 |   0.0 |       0 |      20 |   0.0 |  1386
           D:5 |       0 |     709 |   0.0 |       0 |      21 |   0.0 |  1180
           D:6 |       0 |    1629 |   0.0 |       0 |      31 |   0.0 |  1666
           D:7 |       0 |    2475 |   0.0 |       0 |      46 |   0.0 |  1272
           D:8 |       0 |    4283 |   0.0 |       0 |      43 |   0.0 |  1145
           D:9 |       0 |    2373 |   0.0 |       0 |      21 |   0.0 |   772
          D:10 |       0 |    2737 |   0.0 |       0 |      20 |   0.0 |   168
               +---------+---------+-------+---------+---------+-------+---------
